 Dungeon Crawl Stone Soup version 0.28-a0-537-g3bccd9ccbf (webtiles) character file.

Game seed: 12585422764877878319

226 meatgazer the Skirmisher (level 5, -5/42 HPs)
             Began as a Demonspawn Abyssal Knight on Sept 27, 2021.
             Was a Believer of Lugonu.
             Slain by Sigmund (11 damage)
             ... on level 3 of the Dungeon.
             The game lasted 00:05:24 (3956 turns).

meatgazer the Skirmisher (DsAK)                     Turns: 3956, Time: 00:05:25

Health: -5/42      AC:  5    Str: 13    XL:     5   Next: 69%
Magic:  7/7        EV: 11    Int: 15    God:    Lugonu [**....]
Gold:   135        SH:  0    Dex: 13    Spells: 7/7 levels left

rFire   . . .      SeeInvis .   a - +1 falchion
rCold   . . .      Faith    .   (no shield)
rNeg    . . .      Spirit   .   b - +0 leather armour
rPois   .          Reflect  .   j - +1 helmet
rElec   .          Harm     .   (no cloak)
rCorr   .          Rampage  .   (no gloves)
Will    .....                   (no boots)
Stlth   +.........              (no amulet)
HPRegen 0.14/turn               (no ring)
MPRegen 0.10/turn               (no ring)

@: no status effects
A: talons 1, big brain 1
a: Renounce Religion, Depart the Abyss, Bend Space


You were on level 3 of the Dungeon.
You worshipped Lugonu.
Lugonu was pleased with you.
You visited 1 branch of the dungeon, and saw 3 of its levels.
You visited the Abyss 1 time.

You collected 135 gold pieces.

Inventory:

Hand Weapons
 a - a +1 falchion (weapon)
Armour
 b - a +0 leather armour (worn)
 c - the +3 tower shield of Dogmatism {MP+9 Int+5}
   (You found it on level 2 of the Abyss)

   Int:       It affects your intelligence (+5).
   MP:        It affects your magic capacity (+9).
 g - a +0 helmet
 j - a +1 helmet (worn)
Wands
 d - a wand of iceblast (7)
Scrolls
 k - a scroll of enchant armour
 l - a scroll of identify
Potions
 e - a potion of flight
 h - a potion of brilliance


   Skills:
 + Level 3.7 Fighting
 + Level 2.7 Long Blades
 - Level 2.0 Armour
 - Level 1.0 Dodging
 * Level 2.7 Shields
 + Level 1.5 Spellcasting
 + Level 3.7 Invocations


You had 7 spell levels left.
You didn't know any spells.
Your spell library was empty.

Dungeon Overview and Level Annotations

Branches:
Dungeon (3/15)

Altars:

Annotations:
D:3 Sigmund


Innate Abilities, Weirdness & Mutations

You have sharp toenails.
You have an unusually large brain. (Int +2)


Message History

Things that are here:
a +0 whip; a gnoll skeleton
f - a white potion
Things that are here:
a +0 whip; a gnoll skeleton
Items here: )) รทรทรทรท.
i - a scroll labelled HALAUT IRHESU
Found 17 bolts.
Found 10 bolts.
You now have 122 gold pieces (gained 18).
l - a scroll of identify
Found a scale mail.
You now have 128 gold pieces (gained 6).
You see here a +0 scale mail.
You now have 135 gold pieces (gained 7).
Found a club.
Sigmund the Dreaded comes into view.
He is wielding a +0 scythe.
Found a stone staircase leading down.
Sigmund shouts!
As you read the scroll labelled HALAUT IRHESU, it crumbles to dust.
You assume a fearsome visage.
Sigmund looks frightened!
It was a scroll of fear.
Sigmund gestures wildly while chanting.
Sigmund flickers and vanishes!
Deactivating autopickup; reactivate with Ctrl-A.
You start waiting.
You hear some strange, mumbled words.
A puff of flame appears from out of thin air!
The puff of flame hits you. Something hits you!
You hit something. Your kick misses something. You closely miss something.
You claw something. Something hits you.
You miss something. Something hits you.
You miss something. Your kick misses something. Something hits you.
It was a potion of curing.
You feel better.
You closely miss something. Your kick misses something. Something hits you!
You barely miss something. Your kick misses something. Something hits you!
* * * LOW HITPOINT WARNING * * *
You miss something. Something hits you!
You die...

#..###.#.#.#.#.###..#
#..###...#)#...###..#
#.....###)..###.....#
#...#.#.#.#.# #.#...#
#.....##.#.#.##.....#
#..###..#.#.#..###..# #.
#(..#.#.#.#...#..#
#..###..#.#.#..###..#
###
#...{@##.#.#.##.....#
... #...#.#
#.#.#(#.#...# ##.
#.....###...###.....#
#..###...#.#...###..#
#.).. #.#.# #.#.###..#
......##...###...##...#
.#.>{.........[......###
......#####.##..##### ..
#....##


There were no monsters in sight!

Vanquished Creatures
  A necrophage (D:3)
  An orc priest (D:3)
  A gnoll (D:3)
  3 adders
  An ufetubus (D:3)
  2 dart slugs
  3 orcs (D:3)
  12 endoplasms
  A giant cockroach (D:2)
  5 goblins
  7 hobgoblins
  5 kobolds
  A quokka (D:3)
  5 ball pythons
  2 bats
  2 frilled lizards
  4 rats
56 creatures vanquished.

Vanquished Creatures (others)
  5 starspawn tentacles (Abyss:2)
5 creatures vanquished.

Grand Total: 61 creatures vanquished

Notes
Turn   | Place    | Note
-------+----------+-------------------------------------------
     0 | Abyss:1  | meatgazer the Demonspawn Abyssal Knight began the quest for
                  | the Orb.
     0 | Abyss:1  | Reached XP level 1. HP: 18/18 MP: 2/2
    12 | Abyss:2  | Noticed a golden eye
    13 | Abyss:2  | Identified the +3 tower shield of Dogmatism {MP+9 Int+5}
    74 | Abyss:2  | Noticed a tentacled starspawn
   114 | Abyss:2  | Noticed a small abomination
   122 | Abyss:2  | Noticed a ynoxinul
   124 | D:1      | Escaped the Abyss
   164 | D:1      | Reached skill level 1 in Dodging
   205 | D:1      | Reached * piety under Lugonu
   212 | D:1      | Gained mutation: You have an unusually large brain. (Int
                  | +2) [demonic ancestry]
   212 | D:1      | Reached XP level 2. HP: 5/24 MP: 3/3
   796 | D:1      | Reached skill level 1 in Shields
  1005 | D:2      | Gained mutation: You have sharp toenails. [demonic
                  | ancestry]
  1005 | D:2      | Reached XP level 3. HP: 15/29 MP: 3/5
  2968 | D:3      | Noticed a necrophage
  2976 | D:3      | Reached skill level 1 in Spellcasting
  2976 | D:3      | Reached XP level 4. HP: 35/35 MP: 6/6
  2992 | D:3      | Killed a necrophage
  2993 | D:3      | Reached XP level 5. HP: 41/41 MP: 7/7
  3024 | D:3      | Reached ** piety under Lugonu
  3939 | D:3      | Noticed Sigmund
  3956 | D:3      | Slain by Sigmund

Illustrated notes

Levels and vault maps discovered:
D:1:      lemuel_arrival_cross, layout_rooms
D:2:      layout_loops_ring
D:3:      layout_loops_ring, gammafunk_temple_overflow_wave,
          hellmonk_ecumenical_altar_defaced_shrine, minmay_misc_feat_doors,
          minmay_starry_boxes, uniq_sigmund

Skill      XL: |  1  2  3 |
---------------+----------+-----
Dodging        | 1 |  1.0
Armour         | 2 |  2.0
Long Blades    | 2 |  2.7
Shields        | 1 2 |  2.7
Spellcasting   | 1 |  1.5
Invocations    | 3 |  3.7
Fighting       | |  3.7

Action                   |  1- 3 |  4- 6 || total
-------------------------+-------+-------++-------
Melee: Falchion          |   103 |    80 ||   183
       Kick              |    13 |    10 ||    23
Invok: Depart the Abyss  |     1 |       ||     1
  Use: Scroll            |     5 |     1 ||     6
       Potion            |     3 |     1 ||     4
 Stab: Sleeping          |       |     1 ||     1
Armor: Leather armour    |    21 |    27 ||    48
       Skin              |     2 |    12 ||    14
Dodge: Dodged            |    53 |    45 ||    98

Table legend: (Time is in decaauts)
 A = Elapsed time spent in this place.
 B = Non-inter-level travel time spent in this place.
 C = Inter-level travel time spent in this place.
 D = Time resting spent in this place.
 E = Time spent auto-exploring this place.
 F = Levels seen in this place.
 G = Mean time per level.
                   A        B        C        D        E       F      G
               +--------+--------+--------+--------+--------+-----+--------+
         Total |   3989 |   3923 |     66 |   1820 |   1540 |   5 |  797.8 |
       Dungeon |   3865 |   3799 |     66 |   1820 |   1539 |   3 | 1288.3 |
         Abyss |    123 |    123 |      0 |      0 |      1 |   2 |   61.5 |
               +--------+--------+--------+--------+--------+-----+--------+

Top non-repeatable levels by time:
     D:2: 1848 daAuts
     D:3: 1137 daAuts
     D:1: 879 daAuts
 Abyss:2: 114 daAuts
 Abyss:1: 9 daAuts
